 Dungeon Crawl Stone Soup version 0.28.0-49-g6dfe1f597d (webtiles) character file.

Game seed: 10411494713628225257

214 Zeld the Skirmisher (level 5, 0/48 HPs)
             Began as a Minotaur Berserker on May 11, 2022.
             Was a Believer of Trog.
             Slain by a seven-headed hydra (4 damage)
             ... on level 6 of the Dungeon.
             The game lasted 00:02:19 (3586 turns).

Zeld the Skirmisher (Minotaur Berserker)            Turns: 3586, Time: 00:02:19

Health: 0/48       AC: 11    Str: 24    XL:     5   Next: 60%
Magic:  4/4        EV:  7    Int:  4    God:    Trog [**....]
Gold:   114        SH:  0    Dex:  9    Spells: 4/4 levels left

rFire   . . .      SeeInvis .   a - +0 hand axe
rCold   . . .      Faith    .   (no shield)
rNeg    . . .      Spirit   .   b - +0 plate armour
rPois   .          Reflect  .   (helmet restricted)
rElec   .          Harm     .   (no cloak)
rCorr   .          Rampage  .   (no gloves)
Will    .....                   (no boots)
Stlth   ..........              (no amulet)
HPRegen 0.16/turn               f - ring of flight
MPRegen 0.09/turn               (no ring)

@: flying
A: horns 2, retaliatory headbutt
a: Renounce Religion, Berserk, Trog's Hand


You were on level 6 of the Dungeon.
You worshipped Trog.
Trog was pleased with you.
You visited 2 branches of the dungeon, and saw 5 of its levels.

You collected 114 gold pieces.

Inventory:

Hand Weapons
 a - a +0 hand axe (weapon)
Armour
 b - a +0 plate armour (worn)
Jewellery
 f - a ring of flight (left hand)
Wands
 i - a wand of flame (20)
Scrolls
 e - 2 scrolls of noise {unknown}
 g - 2 scrolls of identify {unknown}
 h - a scroll of fog {unknown}
 k - 2 scrolls of silence {unknown}
 l - a scroll of holy word {unknown}
 n - a scroll of magic mapping {unknown}
Potions
 c - 4 potions of attraction {unknown}
 d - a potion of might {unknown}
 j - a potion of resistance {unknown}
 m - a potion of ambrosia {unknown}


   Skills:
 * Level 5.0 Fighting
 * Level 5.0 Axes
 + Level 3.5 Armour
 + Level 3.1 Dodging
 * Level 1.8 Evocations


You had 4 spell levels left.
You didn't know any spells.
Your spell library was empty.

Dungeon Overview and Level Annotations

Branches:
Dungeon (6/15)             Temple (1/1) D:6

Altars:
Ashenzari
Cheibriados
Dithmenos
Elyvilon
Fedhas
Gozag
Kikubaaqudgha
Makhleb
Nemelex Xobeh
Okawaru
Qazlal
Ru
Trog
Uskayaw
Vehumet
Wu Jian
Xom
Yredelemnul
Zin

Shops:
D:2 (


Innate Abilities, Weirdness & Mutations

You have a pair of horns on your head.
You reflexively headbutt those who attack you in melee.


Message History

There is an open door here.
There is an open door here.
There is an open door here.
You reach down and open the door.
There is an open door here.
There is a staircase back to the Dungeon here.
Your skin crawls.
You feel strong-willed.
You fly upwards.
Welcome back to the Dungeon!
The six-headed hydra bites you but does no damage. x2
The six-headed hydra barely misses you. The six-headed hydra bites you. x2
The six-headed hydra bites you but does no damage. x2
The six-headed hydra bites you! The six-headed hydra bites you. x2
The six-headed hydra bites you!
* * * LOW HITPOINT WARNING * * *
The six-headed hydra bites you!
* * * LOW HITPOINT WARNING * * *
There is a staircase to the Ecumenical Temple, spattered with blood here.
Unknown command.
Things that are here:
a +0 giant spiked club; an ogre skeleton
There is a fountain of clear blue water here.
Found 10 gold pieces.
You feel the effects of Trog's Hand fading.
Found a scroll labelled HUSANL LONGIPE.
Your skin stops crawling.
You feel less strong-willed.
An adder comes into view.
The adder hisses angrily.
You completely miss the adder. Your headbutt misses the adder.
You lop one of the six-headed hydra's heads off!
The five-headed hydra grows two more!
You hit the seven-headed hydra. The adder bites you but does no damage.
The seven-headed hydra bites you!
* * * LOW HITPOINT WARNING * * *
The seven-headed hydra bites you.
* * * LOW HITPOINT WARNING * * *
The seven-headed hydra bites you but does no damage.
The seven-headed hydra bites you.
* * * LOW HITPOINT WARNING * * *
The seven-headed hydra bites you.
You die...

#...$.......⌠).>..⌠.##
###.#.....##......!...#
#......#..#####...###..
#......#..# #.⌠.# ##
#......#..## #...##
####.#......#.##..#.####
........................
.....#.D##....##..#.####
.......@##.#..##..#...#
#..####S# ?#..........#
#.. #.. .##.##........
#. #.##.##.###.#...##
... #....... #.#
.....### #.# .#.#..# #..
.>....(# ........


You could see a seven-headed hydra and an adder.

Vanquished Creatures
  An ogre (D:6)
  A scorpion (D:6)
  A centaur skeleton (D:3)
  An adder (D:3)
  An orc (D:3)
  6 bats
  4 endoplasms
  5 giant cockroaches
  6 goblins
  A hobgoblin (D:1)
  4 jackals (D:1)
  A quokka (D:2)
  3 ball pythons
  5 kobolds
  2 rats (D:2)
42 creatures vanquished.

Notes
Turn   | Place    | Note
-------+----------+-------------------------------------------
     0 | D:1      | Zeld the Minotaur Berserker began the quest for the Orb.
     0 | D:1      | Reached XP level 1. HP: 19/19 MP: 0/0
   731 | D:1      | Reached XP level 2. HP: 27/27 MP: 1/1
   824 | D:1      | Found a faded altar of an unknown god.
  1735 | D:2      | Found Dorig's Weapon Shop.
  1972 | D:2      | Reached XP level 3. HP: 30/33 MP: 2/2
  2247 | D:2      | Reached ** piety under Trog
  2662 | D:3      | Reached XP level 4. HP: 35/41 MP: 3/3
  2792 | D:3      | Reached skill level 1 in Evocations
  2842 | D:3      | You are sucked into a shaft and drop 3 floors!
  2846 | D:6      | Found a staircase to the Ecumenical Temple.
  2850 | D:6      | Noticed a scorpion
  2855 | D:6      | Killed a scorpion
  2938 | D:6      | Noticed an ogre
  2944 | D:6      | Killed an ogre
  2945 | D:6      | Reached skill level 5 in Fighting
  2945 | D:6      | Reached skill level 5 in Axes
  2945 | D:6      | Reached XP level 5. HP: 48/48 MP: 4/4
  2973 | D:6      | Noticed a six-headed hydra
  3018 | Temple   | Entered the Ecumenical Temple
  3586 | D:6      | Slain by a seven-headed hydra

Illustrated notes

Levels and vault maps discovered:
D:1:      erik_arrival_cave_to_civilisation [erik_arrival_cave_to_hall],
          layout_basic, basic_ecumenical_altar, hangedman_decor_points,
          minivault_25, glass_columns_a, minmay_vboxes
D:2:      layout_basic, serial_shops, nicolae_shop_bloodbath_and_beyond,
          hangedman_decor_clover_reticule, kennysheep_generic_room_11
D:3:      minmay_wonky_spiral, layout_basic
D:6:      layout_basic, minmay_temple_entry_junction
Temple:   mainiacjoe_temple_bowtie_tessellation

Skill      XL: |  1  2  3  4 |
---------------+-------------+-----
Axes           | 4 5 |  5.0
Fighting       | 4 5 |  5.0
Armour         | 3 |  3.5
Evocations     | 1 |  1.8
Dodging        | 3 |  3.1

Action                   |  1- 3 |  4- 6 || total
-------------------------+-------+-------++-------
Melee: Hand axe          |    76 |    16 ||    92
       Headbutt          |    10 |     3 ||    13
       Punch             |     1 |       ||     1
Invok: Berserk           |       |     2 ||     2
       Trog's Hand       |       |     1 ||     1
Armor: Animal skin       |     5 |       ||     5
       Plate armour      |    40 |    15 ||    55
Dodge: Dodged            |    51 |     6 ||    57
